 Dungeon Crawl Stone Soup version 0.28-a0-919-g0b5b508569 (webtiles) character file.

Game seed: 16918048495913135286

3706 croobank the Spear-Bearer (level 10, 0/81 HPs)
             Began as a Gnoll Cinder Acolyte on Nov 25, 2021.
             Was an Initiate of Ignis.
             Succumbed to an orc priest's poison
             ... on level 7 of the Dungeon.
             The game lasted 00:57:09 (10204 turns).

croobank the Spear-Bearer (Gnoll Cinder Acolyte)   Turns: 10204, Time: 00:57:11

Health: 0/81       AC: 20    Str: 14    XL:     10   Next: 14%
Magic:  2/18       EV:  7    Int: 14    God:    Ignis [......]
Gold:   161        SH:  0    Dex: 10    Spells: 16/20 levels left

rFire   + . .      SeeInvis .   b - +0 hand crossbow
rCold   . . .      Faith    .   (no shield)
rNeg    . . .      Spirit   .   o - +0 chain mail
rPois   .          Reflect  .   (no helmet)
rElec   .          Harm     .   A - +2 cloak
rCorr   .          Rampage  .   (no gloves)
Will    .....                   (no boots)
Stlth   ..........              (no amulet)
HPRegen 0.23/turn               r - ring of wizardry
MPRegen 0.16/turn               (no ring)

@: lethally poisoned (0 -> -6), about to teleport, marked, fiery-armoured, very
slightly contaminated
A: fangs 1, strong nose, distributed training
a: Renounce Religion, Rising Flame


You were on level 7 of the Dungeon.
You worshipped Ignis.
Ignis was noncommittal.
You visited 2 branches of the dungeon, and saw 8 of its levels.

You collected 311 gold pieces.
You spent 150 gold pieces at shops.

Inventory:

Hand Weapons
 a - a +5 dagger
 b - a +0 hand crossbow (weapon)
 c - a -1 spear of flaming
 e - a +0 short sword
 g - a +0 scythe
 t - a +0 flail
 v - a +2 dagger of draining
 C - a +0 great sword of distortion
 E - a +2 quarterstaff of chaos
 F - a +1 mace of protection
 G - a +4 mace
Missiles
 f - 188 stones
 i - 47 sling bullets
 L - 29 bolts (quivered ammo)
 M - 4 poisoned darts
 O - a throwing net
Armour
 o - a +0 chain mail (worn)
 A - a +2 cloak (worn)
 D - a +0 plate armour
Magical Staves
 l - a staff of air
 I - a staff of earth
Jewellery
 r - a ring of wizardry (left hand)
Wands
 j - a wand of iceblast (8)
 k - a wand of mindburst (10)
 p - a wand of flame (17)
Scrolls
 m - a scroll of amnesia
 y - 2 scrolls of magic mapping
 z - a scroll of fog {unknown}
 B - 3 scrolls of noise {unknown}
 J - 3 scrolls of enchant weapon
 N - a scroll of brand weapon {unknown}
Potions
 h - a potion of invisibility {unknown}
 n - 2 potions of cancellation
 u - a potion of might {unknown}
 w - 4 potions of flight
 x - a potion of ambrosia {unknown}
 H - a potion of lignification
 K - a potion of mutation {unknown}


   Skills:
 + Level 8.3 Fighting
 + Level 5.0 Short Blades
 + Level 5.0 Long Blades
 + Level 5.0 Axes
 + Level 5.0 Maces & Flails
 + Level 8.3 Polearms
 + Level 5.0 Staves
 + Level 5.0 Slings
 + Level 5.0 Bows
 + Level 5.0 Crossbows
 + Level 5.0 Throwing
 + Level 5.0 Armour
 + Level 5.0 Dodging
 + Level 5.0 Stealth
 + Level 5.0 Shields
 + Level 5.0 Unarmed Combat
 + Level 5.8 Spellcasting
 + Level 4.1 Conjurations
 + Level 4.1 Hexes
 + Level 4.1 Summonings
 + Level 4.1 Necromancy
 + Level 4.1 Translocations
 + Level 4.1 Transmutations
 + Level 6.9 Fire Magic
 + Level 4.1 Ice Magic
 + Level 4.1 Air Magic
 + Level 4.1 Earth Magic
 + Level 4.1 Poison Magic
 + Level 5.5 Invocations
 + Level 5.0 Evocations


You had 16 spell levels left.
You knew the following spells:

 Your Spells              Type           Power      Damage    Failure   Level
a - Scorch                Fire           46%        2d7       12%         2
b - Wereblood             Tmut           15%        N/A       34%         2

Your spell library contained the following spells:

 Spells                   Type           Power      Damage    Failure   Level
 Sandblast                Erth           30%        2d9       24%         1
 Passwall                 Tmut/Erth      12%        N/A       34%         2
 Sublimation of Blood     Necr           15%        N/A       34%         2
 Stone Arrow              Conj/Erth      30%        3d8       56%         3
 Summon Guardian Golem    Hex/Summ       15%        N/A       56%         3
 Orb of Destruction       Conj           7%         9d3       100%        7
 Spellforged Servitor     Conj/Summ      7%         N/A       100%        7
 Summon Hydra             Summ           7%         N/A       100%        7


Dungeon Overview and Level Annotations

Branches:
Dungeon (7/15)             Temple (1/1) D:5

Altars:
Ashenzari
Cheibriados
Dithmenos
Elyvilon
Fedhas
Gozag
Hepliaklqana
Kikubaaqudgha
Makhleb
Nemelex Xobeh
Okawaru
Qazlal
Ru
Sif Muna
Trog
Uskayaw
Vehumet
Wu Jian
Xom
Yredelemnul
Zin

Shops:
D:4 [   D:5 =

Annotations:
D:7 Harold


Innate Abilities, Weirdness & Mutations

You have very sharp teeth.
Your uncanny sense of smell can sniff out nearby items.
Your experience applies equally to all skills.


Message History

Confirm with . or Enter, or press ? or * to list all spells.
You don't have enough magic to cast this spell.
You tear a large gash into the net.
Your surroundings suddenly seem different.
An orc warrior and 4 orc priests come into view.
The orc warrior is wielding a +0 hand axe of electrocution.
An orc priest is wielding a +0 mace of venom.
The orc priest shouts! x3
The orc priest invokes the aid of Beogh against you.
Beogh smites you!
The orc priest miscasts a cantrip.
The orc priest mumbles some strange prayers to Beogh against you.
Beogh smites you!
* * * LOW HITPOINT WARNING * * *
The orc priest looks braver for a moment.
You feel better.
The orc priest looks braver for a moment.
The orc priest hits you with a +0 mace of venom.
* * * LOW HITPOINT WARNING * * *
You are poisoned.
As you read the scroll of teleportation, it crumbles to dust.
You feel strangely unstable.
You feel very sick.
The orc priest mumbles some strange prayers to Beogh against you.
Beogh smites you!
* * * LOW HITPOINT WARNING * * *
The orc priest barely misses you.
A protective cloak of flame settles atop you.
* * * LOW HITPOINT WARNING * * *
You feel sick.
The orc priest hits you but does no damage.
The orc priest is burned by your cloak of flames.
The orc priest is lightly wounded.
The orc priest hits you but does no damage.
The orc priest is burned by your cloak of flames.
The orc priest is moderately wounded.
The orc warrior barely misses you. Flames leap up around you!
You can no longer armour yourself in flame.
You can no longer call a swarm of foxfires against your foes.
You die...

# ###..
##.....
.......
##.......
#vv......
##ov......
#@oo......
##oo......
#vv......
#........
#........
#........
##....###
#####


You could see an orc warrior (ally target) and 4 orc priests.

Vanquished Creatures
  The ghost of IEatYoBabies the Stinger, a novice OpVM (D:6)
  Grinder (D:5)
  Sigmund (D:2)
  A steam dragon (D:5)
  Eustachio (D:6)
  Menkaure (D:6)
  An orc warrior (D:6)
  3 ice beasts
  A sky beast (D:5)
  2 black bears
  3 ogres
  A necrophage (D:7)
  A bullfrog (D:7)
  3 kobold brigands
  A gnoll sergeant (D:5)
  3 scorpions
  A howler monkey (D:6)
  A spectral centaur (D:6)
  A centaur zombie (D:6)
  A wyvern simulacrum (D:6)
  2 centaur skeletons
  4 jellies
  2 orc priests
  2 hounds
  Crazy Yiuf (D:6)
  Jessica (D:3)
  Ijyb (D:3)
  An iguana (D:5)
  3 orc wizards (D:6)
  Natasha (thrice) (D:2)
  3 killer bee zombies
  A centaur simulacrum (D:6)
  A hound skeleton (D:4)
  6 gnolls
  A howler monkey skeleton (D:6)
  6 adders
  An adder skeleton (D:4)
  2 worms
  A dart slug (D:5)
  8 orcs
  9 ball pythons
  7 endoplasms
  3 giant cockroaches
  8 goblins
  4 hobgoblins
  6 quokkas
  4 bats (D:1)
  2 frilled lizards (D:1)
  34 kobolds
  5 rats
161 creatures vanquished.

Vanquished Creatures (collateral kills)
  4 foxfires (D:4)
4 creatures vanquished.

Vanquished Creatures (others)
  7 foxfires
  28 plants (D:4)
35 creatures vanquished.

Grand Total: 200 creatures vanquished

Notes
Turn   | Place    | Note
-------+----------+-------------------------------------------
     0 | D:1      | croobank the Gnoll Cinder Acolyte began the quest for the
                  | Orb.
     0 | D:1      | Reached XP level 1. HP: 23/23 MP: 4/4
   479 | D:1      | Reached XP level 2. HP: 29/29 MP: 5/5
  1022 | D:1      | Learned a level 2 spell: Scorch
  1215 | D:1      | Reached XP level 3. HP: 35/35 MP: 7/7
  1618 | D:2      | Found a faded altar of an unknown god.
  1627 | D:2      | Noticed Natasha
  1630 | D:2      | Killed Natasha
  1631 | D:2      | Reached skill level 1 in Invocations
  1644 | D:2      | Reached skill level 1 in Short Blades
  1644 | D:2      | Reached skill level 1 in Long Blades
  1644 | D:2      | Reached skill level 1 in Axes
  1644 | D:2      | Reached skill level 1 in Maces & Flails
  1644 | D:2      | Reached skill level 1 in Staves
  1644 | D:2      | Reached skill level 1 in Slings
  1644 | D:2      | Reached skill level 1 in Bows
  1644 | D:2      | Reached skill level 1 in Crossbows
  1644 | D:2      | Reached skill level 1 in Throwing
  1644 | D:2      | Reached skill level 1 in Armour
  1644 | D:2      | Reached skill level 1 in Dodging
  1644 | D:2      | Reached skill level 1 in Stealth
  1644 | D:2      | Reached skill level 1 in Shields
  1644 | D:2      | Reached skill level 1 in Unarmed Combat
  1644 | D:2      | Reached skill level 1 in Evocations
  1825 | D:2      | Noticed Natasha
  1830 | D:2      | Killed Natasha
  1831 | D:2      | Reached XP level 4. HP: 38/41 MP: 1/8
  2162 | D:2      | Reached skill level 1 in Conjurations
  2162 | D:2      | Reached skill level 1 in Hexes
  2162 | D:2      | Reached skill level 1 in Summonings
  2162 | D:2      | Reached skill level 1 in Necromancy
  2162 | D:2      | Reached skill level 1 in Translocations
  2162 | D:2      | Reached skill level 1 in Transmutations
  2162 | D:2      | Reached skill level 1 in Ice Magic
  2162 | D:2      | Reached skill level 1 in Air Magic
  2162 | D:2      | Reached skill level 1 in Earth Magic
  2162 | D:2      | Reached skill level 1 in Poison Magic
  2303 | D:2      | Noticed Sigmund
  2312 | D:2      | Killed Sigmund
  2313 | D:2      | Reached XP level 5. HP: 43/47 MP: 0/10
  2313 | D:2      | Reached XP level 6. HP: 49/53 MP: 0/11
  2548 | D:2      | Noticed Natasha
  2559 | D:2      | Killed Natasha
  2840 | D:3      | Noticed Ijyb
  2908 | D:3      | Killed Ijyb
  3213 | D:3      | Noticed Jessica
  3220 | D:3      | Killed Jessica
  3689 | D:4      | Reached XP level 7. HP: 21/60 MP: 9/12
  4701 | D:4      | Found Surahi's Antique Armour Shop.
  4832 | D:4      | Bought a glowing cloak for 150 gold pieces
  4865 | D:4      | Reached XP level 8. HP: 11/67 MP: 10/14
  5362 | D:4      | Learned a level 2 spell: Wereblood
  5580 | D:5      | Entered Level 5 of the Dungeon
  6070 | D:5      | Found a staircase to the Ecumenical Temple.
  6085 | Temple   | Entered the Ecumenical Temple
  6719 | D:5      | Noticed Grinder
  6759 | D:5      | Killed Grinder
  6760 | D:5      | Reached XP level 9. HP: 55/72 MP: 1/16
  7586 | D:5      | HP: 3/73 [gnoll sergeant (10)]
  7612 | D:5      | Reached skill level 5 in Spellcasting
  7987 | D:5      | Found Wogira's Jewellery Emporium.
  8423 | D:6      | Noticed Menkaure
  8425 | D:6      | Killed Menkaure
  8509 | D:6      | Noticed Eustachio
  8513 | D:6      | Killed Eustachio
  8765 | D:6      | Found a runed translucent gate.
  8765 | D:6      | Found a runed translucent gate.
  8765 | D:6      | Found a runed translucent gate.
  8768 | D:6      | Noticed IEatYoBabies's ghost (novice OpVM)
  9129 | D:6      | Found a runed translucent door.
  9130 | D:6      | Noticed Crazy Yiuf
  9136 | D:6      | Killed Crazy Yiuf
  9208 | D:6      | Reached skill level 5 in Invocations
  9218 | D:6      | Killed IEatYoBabies's ghost
  9219 | D:6      | Reached XP level 10. HP: 42/80 MP: 12/18
 10029 | D:7      | Reached skill level 5 in Short Blades
 10029 | D:7      | Reached skill level 5 in Long Blades
 10029 | D:7      | Reached skill level 5 in Axes
 10029 | D:7      | Reached skill level 5 in Maces & Flails
 10029 | D:7      | Reached skill level 5 in Staves
 10029 | D:7      | Reached skill level 5 in Slings
 10029 | D:7      | Reached skill level 5 in Bows
 10029 | D:7      | Reached skill level 5 in Crossbows
 10029 | D:7      | Reached skill level 5 in Throwing
 10029 | D:7      | Reached skill level 5 in Armour
 10029 | D:7      | Reached skill level 5 in Dodging
 10029 | D:7      | Reached skill level 5 in Stealth
 10029 | D:7      | Reached skill level 5 in Shields
 10029 | D:7      | Reached skill level 5 in Unarmed Combat
 10029 | D:7      | Reached skill level 5 in Evocations
 10186 | D:7      | Noticed Harold
 10202 | D:7      | HP: 2/81 [orc priest/divine providence (12)]
 10204 | D:7      | Succumbed to an orc priest's poison

Illustrated notes

Levels and vault maps discovered:
D:1:      doesnt_arrival_eight_statues, layout_basic, nrook_mini_backslash
D:2:      layout_loops_ring, hellmonk_ecumenical_altar_heavens_door,
          uniq_natasha, uniq_sigmund
D:3:      layout_rooms, serial_corexii_hall, corexii_hall_statues_x,
          corexii_hall_statues_t, due_unseen_surprise, uniq_jessica, uniq_ijyb
D:4:      kennysheep_kobold_camp, layout_loops_ring, serial_shops,
          kennysheep_little_box, grunt_decor_arrowhead, minmay_crystal_water
D:5:      layout_basic, temple_hall, serial_shops, shop,
          roderic_serpentine_path, uniq_grinder
D:6:      layout_rooms, gammafunk_ghost_necromancy, uniq_eustachio,
          uniq_crazy_yiuf_cottage, uniq_menkaure
D:7:      layout_cave_pods, kennysheep_generic_room_12, uniq_harold
Temple:   regret_index_temple_sigil_plot

Skill      XL: |  1  2  3  4  5  6  7  8  9 10 |
---------------+-------------------------------+-----
Invocations    | 1 2 3 4 5 |  5.5
Short Blades   | 1 2 3 4 5 |  5.0
Long Blades    | 1 2 3 4 5 |  5.0
Axes           | 1 2 3 4 5 |  5.0
Maces & Flails | 1 2 3 4 5 |  5.0
Staves         | 1 2 3 4 5 |  5.0
Slings         | 1 2 3 4 5 |  5.0
Bows           | 1 2 3 4 5 |  5.0
Crossbows      | 1 2 3 4 5 |  5.0
Throwing       | 1 2 3 4 5 |  5.0
Armour         | 1 2 3 4 5 |  5.0
Dodging        | 1 2 3 4 5 |  5.0
Stealth        | 1 2 3 4 5 |  5.0
Shields        | 1 2 3 4 5 |  5.0
Unarmed Combat | 1 2 3 4 5 |  5.0
Evocations     | 1 2 3 4 5 |  5.0
Spellcasting   | 3 4 5 |  5.8
Conjurations   | 1 2 3 4 |  4.1
Hexes          | 1 2 3 4 |  4.1
Summonings     | 1 2 3 4 |  4.1
Necromancy     | 1 2 3 4 |  4.1
Translocations | 1 2 3 4 |  4.1
Transmutations | 1 2 3 4 |  4.1
Ice Magic      | 1 2 3 4 |  4.1
Air Magic      | 1 2 3 4 |  4.1
Earth Magic    | 1 2 3 4 |  4.1
Poison Magic   | 1 2 3 4 |  4.1
Fighting       | 7 8 |  8.3
Polearms       | 7 8 |  8.3
Fire Magic     | 6 |  6.9

Action                   |  1- 3 |  4- 6 |  7- 9 | 10-12 || total
-------------------------+-------+-------+-------+-------++-------
Melee: Dagger            |    55 |    57 |   155 |    38 ||   305
       Spear             |     7 |       |       |       ||     7
       Bite              |     6 |     6 |    12 |       ||    24
       Punch             |       |     1 |       |       ||     1
 Fire: Hand crossbow     |       |       |       |     5 ||     5
Throw: Stone             |     1 |       |       |       ||     1
 Cast: Scorch            |     9 |    31 |   109 |    28 ||   177
Invok: Foxfire Swarm     |       |       |     4 |     1 ||     5
       Fiery Armour      |       |       |     4 |     1 ||     5
Evoke: Wand              |       |     1 |    15 |       ||    16
  Use: Scroll            |     2 |     5 |     7 |     2 ||    16
       Potion            |       |     2 |     3 |     2 ||     7
 Stab: Sleeping          |     1 |       |       |       ||     1
Armor: Robe              |     8 |     4 |       |       ||    12
       Chain mail        |       |       |   121 |    39 ||   160
       Leather armour    |       |       |     7 |       ||     7
       Skin              |       |       |     2 |       ||     2
Dodge: Dodged            |    31 |    28 |    75 |    15 ||   149

Table legend: (Time is in decaauts)
 A = Elapsed time spent in this place.
 B = Non-inter-level travel time spent in this place.
 C = Inter-level travel time spent in this place.
 D = Time resting spent in this place.
 E = Time spent auto-exploring this place.
 F = Levels seen in this place.
 G = Mean time per level.
                   A        B        C        D        E       F      G
               +--------+--------+--------+--------+--------+-----+--------+
         Total |  10144 |  10010 |    134 |   2861 |   5470 |   8 | 1268.0 |
       Dungeon |   9864 |   9757 |    107 |   2861 |   5236 |   7 | 1409.1 |
        Temple |    279 |    252 |     27 |      0 |    234 |   1 |  279.0 |
               +--------+--------+--------+--------+--------+-----+--------+

Top non-repeatable levels by time:
     D:5: 2475 daAuts
     D:4: 2000 daAuts
     D:1: 1528 daAuts
     D:6: 1200 daAuts
     D:2: 1051 daAuts
     D:3: 969 daAuts
     D:7: 638 daAuts
  Temple: 279 daAuts
